 Dungeon Crawl Stone Soup version 0.23.2-40-g277498a (webtiles) character file.

Game seed: 7297418764551274211

41555 Fang the Fighter (level 14, -9/141 HPs)
             Began as a Gargoyle Berserker on Oct 18, 2019.
             Was a High Priest of Trog.
             Mangled by a fire crab (10 damage)
             ... on level 6 of the Lair of Beasts on Oct 21, 2019.
             The game lasted 00:17:42 (16858 turns).

Fang the Fighter (Gargoyle Berserker)              Turns: 16858, Time: 00:17:43

Health: -9/141     AC: 39    Str: 35    XL:     14   Next: 15%
Magic:  0/14       EV: 13    Int: 16    God:    Trog [*****.]
Gold:   1023       SH:  0    Dex:  9    Spells: 13/13 levels left

rFire    . . .     SeeInvis .   y - +11 executioner's axe of Exquisite Torment {protect, -Tele Str+4 Int+5}
rCold    . . .     Gourm    .   (shield currently unavailable)
rNeg     + . .     Faith    .   b - +3 plate armour
rPois    ∞         Spirit   +   (no helmet)
rElec    +         Reflect  .   (no cloak)
rCorr    .         Harm     .   (no gloves)
MR       +....     NoTele   +   (no boots)
Stlth    ..........             k - amulet of guardian spirit
HPRegen  0.33/turn              m - ring "Lotsad" {Int+3 Stlth-}
MPRegen  0.14/turn              E - +3 ring of protection

@: berserking, protection aura, flying, very quick
A: big wings, negative energy resistance 1, electricity resistance, unbreathing,
petrification resistance, rot immunity, AC +10
a: Stop Flying, Berserk, Trog's Hand, Brothers in Arms, Renounce Religion


You were on level 6 of the Lair of Beasts.
You worshipped Trog.
Trog was extremely pleased with you.
You were hungry.

You visited 3 branches of the dungeon, and saw 18 of its levels.

You collected 1023 gold pieces.

Inventory:

Hand Weapons
 a - a +2 war axe of venom
 y - the +11 executioner's axe of Exquisite Torment (weapon) {protect, -Tele Str+4 Int+5}
   (You acquired it on level 1 of the Lair of Beasts)

   It protects the one who uses it against injury (+AC on strike).
   It affects your strength (+4).
   It affects your intelligence (+5).
   It prevents most forms of teleportation.
 L - a +5 antimagic executioner's axe
Armour
 b - a +3 plate armour (worn)
Jewellery
 k - an amulet of guardian spirit (around neck)
 m - the ring "Lotsad" (left hand) {Int+3 Stlth-}
   (You found it on level 1 of the Lair of Beasts)

   [ring of attention]

   It affects your intelligence (+3).
   It makes you less stealthy.
 p - a +3 ring of strength
 E - a +3 ring of protection (right hand)
Wands
 q - a wand of digging (4)
 t - a wand of polymorph (13)
 v - a wand of enslavement (10)
 w - a wand of paralysis (2)
 x - a wand of disintegration (14)
 A - a wand of scattershot (3)
 D - a wand of flame (61)
 K - a wand of iceblast (5)
Scrolls
 f - 9 scrolls of teleportation
 n - 11 scrolls of remove curse
 o - a scroll of fog
 B - a scroll of blinking
 F - a scroll of summoning
 G - 2 scrolls of magic mapping
 I - a scroll of identify
Potions
 d - 2 potions of invisibility {unknown}
 e - 2 potions of mutation
 g - 6 potions of haste
 h - a potion of flight
 i - 3 potions of heal wounds
 l - 9 potions of curing
 r - 2 potions of ambrosia {unknown}
 s - 3 potions of cancellation
 z - a potion of magic
 C - 2 potions of agility
 H - a potion of might {unknown}
 J - a potion of resistance {unknown}
Comestibles
 c - 18 rations
 j - 40 chunks of flesh


   Skills:
 + Level 13.3 Fighting
 + Level 11.5 Axes
 + Level 13.1 Armour
 + Level 10.4 Dodging


You had 13 spell levels left.
You didn't know any spells.
Your spell library was empty.

Dungeon Overview and Level Annotations

Branches:
Dungeon (11/15)            Temple (1/1) D:7            Lair (6/6) D:9
 Shoals (0/4) Lair:3        Snake (0/4) Lair:3        Slime (0/5) Lair:5
    Orc: D:9-12

Altars:
Dithmenos
Elyvilon
Gozag
Hepliaklqana
Kikubaaqudgha
Makhleb
Qazlal
Sif Muna
Uskayaw
Wu Jian
Jiyva

Shops:
D:6 [

Annotations:
Lair:3 exclusion: oklob plant
Lair:5 1 runed translucent door


Innate Abilities, Weirdness & Mutations

You are resistant to torment.
Your stone body is resilient. (AC +10)
You are immune to poison.
Your large and strong wings let you fly indefinitely.
You resist negative energy. (rN+)
You are resistant to electric shocks. (rElec)
You can survive without breathing.
You are immune to petrification.
You are immune to rotting.


Message History

* * * LOW HITPOINT WARNING * * *
The fire crab misses you.
The crocodile bites you but does no damage.
You barely miss the hippogriff.
The hippogriff is almost dead.
You slice the yak!!
You kill the yak!
Trog accepts your kill.
You slash the crocodile!
You kill the crocodile!
Trog accepts your kill.
You completely miss the fire crab. You slash the death yak!
The hippogriff barely misses you.
The hippogriff pecks you but does no damage.
The hippogriff claws you but does no damage.
The death yak gores you but does no damage.
The fire crab bites you.
* * * LOW HITPOINT WARNING * * *
You are engulfed in flames!
You die...

###... .#.<. ##...#.
.P.. ....####
#.P...###<...
.....#.#####PP.#.#...[..
.......#.#..............
.........#..............
P...†...##PP............
.#.÷............†t..%...
.#P.............@Y......
##.P..PP........HY......
##.............YFl.##..
#....#.P.............
####...................
#..##..P...............
#P....................§
##..##...........P.....
##...#.P...............


You could see a death yak, a fire crab, a komodo dragon, a hippogriff, 2 yaks
and a blink frog.

Vanquished Creatures
  A dire elephant (Lair:1)
  Harold (D:7)
  2 hydras
  A centaur warrior (D:10)
  A two-headed ogre (D:11)
  A catoblepas (Lair:1)
  2 death yaks (Lair:6)
  Urug (Lair:5)
  An unseen horror (D:11)
  3 ugly things (D:11)
  A manticore (Lair:3)
  Maurice (D:10)
  Joseph (D:9)
  2 elephants
  2 black mambas
  10 spiny frogs
  7 komodo dragons
  4 rime drakes
  A troll (D:11)
  2 hornets (D:10)
  3 polar bears
  21 blink frogs
  9 hippogriffs
  A centaur simulacrum (D:11)
  Sigmund (D:6)
  2 spriggans
  A shadow (D:11)
  A wraith (D:10)
  51 yaks
  2 wyverns
  4 basilisks
  A hungry ghost (D:7)
  Edmund (D:6)
  2 porcupines
  9 water moccasins
  An ice beast (D:10)
  4 sky beasts
  5 orc warriors
  4 black bears
  6 ogres
  3 necrophages
  4 phantoms
  13 wolves
  6 centaurs
  2 big kobolds
  11 crocodiles
  10 bullfrogs
  2 wyvern skeletons
  A scorpion (D:8)
  2 water moccasin skeletons
  11 killer bees
  3 wights (D:10)
  2 howler monkeys
  An electric eel (Lair:1)
  3 crimson imps
  A centaur zombie (D:6)
  A quasit (D:4)
  2 bullfrog zombies
  3 hounds
  A jelly (D:9)
  4 orc priests
  11 orc wizards
  3 bullfrog skeletons
  2 iguanas
  7 worker ants
  2 hound zombies
  A worker ant zombie (D:9)
  2 howler monkey skeletons
  7 adders
  3 shadow imps
  2 oozes
  2 adder zombies
  2 adder skeletons
  4 worms
  2 dart slugs
  4 leopard geckos
  29 orcs
  4 giant cockroaches
  2 goblins
  12 hobgoblins
  10 jackals
  16 kobolds
  4 quokkas
  5 bats
  7 frilled lizards
  A jackal skeleton (D:9)
  2 leopard gecko skeletons
  A quokka skeleton (D:6)
  9 rats
  2 fungi
  A plant (Lair:5)
419 creatures vanquished.

Vanquished Creatures (collateral kills)
  A water moccasin (Lair:1)
  A centaur (D:9)
  A worker ant (D:9)
3 creatures vanquished.

Vanquished Creatures (others)
  3 fungi
  7 toadstools (Lair:1)
10 creatures vanquished.

Grand Total: 432 creatures vanquished

Notes
Turn   | Place    | Note
-------+----------+-------------------------------------------
     0 | D:1      | Fang the Gargoyle Berserker began the quest for the Orb.
     0 | D:1      | Reached XP level 1. HP: 14/14 MP: 1/1
   363 | D:1      | Reached XP level 2. HP: 10/19 MP: 2/2
  1259 | D:2      | Reached XP level 3. HP: 19/23 MP: 3/3
  1296 | D:2      | Found a burning altar of Makhleb.
  1303 | D:2      | Noticed a green death
  1355 | D:2      | Reached ** piety under Trog
  1861 | D:2      | Reached XP level 4. HP: 29/29 MP: 4/4
  2066 | D:2      | Found a hide-covered altar of Uskayaw.
  2068 | D:2      | Found a hazy altar of Hepliaklqana.
  2077 | D:2      | Found a deep blue altar of Sif Muna.
  2635 | D:3      | Reached XP level 5. HP: 19/33 MP: 3/5
  3027 | D:4      | Noticed an ogre
  3034 | D:4      | Killed an ogre
  3207 | D:4      | Noticed an ogre
  3213 | D:4      | Reached XP level 6. HP: 39/39 MP: 6/6
  3369 | D:4      | Reached skill level 5 in Fighting
  3370 | D:4      | Found an opulent altar of Gozag.
  3495 | D:4      | Reached XP level 7. HP: 30/44 MP: 7/7
  3879 | D:5      | Entered Level 5 of the Dungeon
  3959 | D:5      | Reached skill level 5 in Armour
  4104 | D:5      | Found an ancient bone altar of Kikubaaqudgha.
  4369 | D:5      | Reached XP level 8. HP: 51/51 MP: 8/8
  4536 | D:5      | Reached *** piety under Trog
  4561 | D:5      | Found a shadowy altar of Dithmenos.
  4681 | D:5      | Reached skill level 5 in Axes
  5438 | D:6      | Found Biceong's Antique Armour Emporium.
  5611 | D:6      | Noticed Sigmund
  5619 | D:6      | Killed Sigmund
  5637 | D:6      | Noticed Edmund
  5650 | D:6      | Killed Edmund
  5742 | D:6      | Reached XP level 9. HP: 35/56 MP: 5/9
  5989 | D:7      | Reached skill level 5 in Dodging
  6264 | D:7      | Received a gift from Trog
  6519 | D:7      | Found a staircase to the Ecumenical Temple.
  6539 | Temple   | Entered the Ecumenical Temple
  6775 | D:7      | Reached **** piety under Trog
  6845 | D:7      | Noticed Harold
  6860 | D:7      | Paralysed by Harold for 6 turns
  6874 | D:7      | Killed Harold
  7035 | D:7      | Reached XP level 10. HP: 52/64 MP: 8/10
  7744 | D:9      | Found an ornate altar of the Wu Jian Council.
  7831 | D:9      | Noticed Joseph
  7857 | D:9      | Killed Joseph
  8168 | D:9      | Found a staircase to the Lair.
  8168 | D:9      | Noticed an elephant
  8189 | D:9      | Killed an elephant
  8309 | D:9      | Reached ***** piety under Trog
  8470 | D:9      | Found a stormy altar of Qazlal.
  9081 | D:10     | Entered Level 10 of the Dungeon
  9082 | D:10     | Noticed Maurice
  9093 | D:10     | Reached XP level 11. HP: 71/71 MP: 9/11
  9112 | D:10     | Killed Maurice
  9333 | D:10     | Noticed a centaur warrior
  9348 | D:10     | Killed a centaur warrior
  9348 | D:10     | Reached skill level 10 in Fighting
 10560 | D:10     | Received a gift from Trog
 10646 | D:11     | Reached skill level 10 in Armour
 10705 | D:11     | Noticed a brown ugly thing
 10720 | D:11     | Noticed a red ugly thing
 10726 | D:11     | Killed a brown ugly thing
 10731 | D:11     | Killed a red ugly thing
 11070 | D:11     | Noticed a two-headed ogre
 11082 | D:11     | Killed a two-headed ogre
 11396 | D:11     | Noticed a white ugly thing
 11420 | D:11     | Killed a white ugly thing
 11791 | D:11     | Reached XP level 12. HP: 43/79 MP: 6/12
 11793 | D:11     | Received a gift from Trog
 12585 | Lair:1   | Entered Level 1 of the Lair of Beasts
 12587 | Lair:1   | Identified a scroll of acquirement
 12590 | Lair:1   | Got a faintly glowing executioner's axe
 12591 | Lair:1   | Identified the +11 executioner's axe of Exquisite Torment
                  | {protect, -Tele Str+4 Int+5} (You acquired it on level 1 of
                  | the Lair of Beasts)
 12720 | Lair:1   | Noticed a seven-headed hydra
 12734 | Lair:1   | Killed a 14-headed hydra
 13428 | Lair:1   | Noticed a catoblepas
 13428 | Lair:1   | Noticed a dire elephant
 13448 | Lair:1   | Found a runed translucent door.
 13771 | Lair:1   | Killed a dire elephant
 13795 | Lair:1   | Killed a catoblepas
 13795 | Lair:1   | Reached skill level 10 in Axes
 14080 | Lair:1   | Got a fine tin ring
 14582 | Lair:2   | Reached XP level 13. HP: 69/86 MP: 11/13
 14842 | Lair:3   | Found a staircase to the Shoals.
 14965 | Lair:3   | Found a staircase to the Snake Pit.
 15677 | Lair:4   | Received a gift from Trog
 16068 | Lair:4   | Identified the ring "Lotsad" {Int+3 Stlth-} (You found it
                  | on level 1 of the Lair of Beasts)
 16194 | Lair:4   | Reached skill level 10 in Dodging
 16555 | Lair:5   | Found a runed translucent door.
 16555 | Lair:5   | Found a viscous altar of Jiyva.
 16555 | Lair:5   | Found a staircase to the Slime Pits.
 16555 | Lair:5   | Noticed an acid blob
 16616 | Lair:5   | Noticed Urug
 16627 | Lair:5   | Killed Urug
 16691 | Lair:5   | You fall through a shaft!
 16691 | Lair:6   | Entered Level 6 of the Lair of Beasts
 16771 | Lair:6   | Gained mutation: Your large and strong wings let you fly
                  | indefinitely. [Gargoyle growth]
 16771 | Lair:6   | Reached XP level 14. HP: 68/94 MP: 11/14
 16854 | Lair:6   | Received a gift from Trog
 16857 | Lair:6   | HP: 1/141 [fire crab (14)]
 16858 | Lair:6   | Mangled by a fire crab

Skill      XL: |  1  2  3  4  5  6  7  8  9 10 11 12 13 14 |
---------------+-------------------------------------------+-----
Axes           | 3 4 5 6 8 9 10 11 | 11.5
Dodging        | 2 3 4 6 7 8 9 10 | 10.4
Armour         | 3 4 5 6 7 9 10 11 12 13 | 13.1
Fighting       | 4 5 6 8 9 10 12 13 | 13.3

Action                   |  1- 3 |  4- 6 |  7- 9 | 10-12 | 13-15 || total
-------------------------+-------+-------+-------+-------+-------++-------
Melee: Hand axe          |   139 |    88 |       |       |       ||   227
       War axe           |       |    29 |   333 |   511 |       ||   873
       Executioner's axe |       |       |       |   120 |   224 ||   344
       Broad axe         |       |       |       |     2 |       ||     2
Invok: Berserk           |     1 |     3 |     5 |    12 |     3 ||    24
       Trog's Hand       |       |       |     1 |     1 |       ||     2
       Brothers in Arms  |       |       |       |     1 |       ||     1
 Abil: Fly               |       |       |       |       |     1 ||     1
  Use: Scroll            |       |     5 |     5 |    15 |     5 ||    30
       Potion            |       |       |       |     2 |       ||     2
  Eat: Chunk             |     4 |     8 |     6 |    34 |    10 ||    62
       Ration            |       |       |     4 |     1 |       ||     5
Armor: Animal skin       |    32 |     5 |       |       |       ||    37
       Chain mail        |       |    76 |   243 |   119 |       ||   438
       Plate armour      |       |       |       |   579 |   405 ||   984
       Skin              |       |       |       |    29 |       ||    29
Dodge: Dodged            |    90 |    67 |   210 |   510 |   314 ||  1191
